 Dungeon Crawl Stone Soup version 0.27-a0-1448-g9c78c815f3 (webtiles) character file.

Game seed: 13073856455124489733

1528 Froggeryz the Cutter (level 8, -2/58 HPs)
             Began as a Vampire Gladiator on July 5, 2021.
             Was a Believer of Okawaru.
             Shot with a sling bullet by Joseph (20 damage)
             ... on level 7 of the Dungeon.
             The game lasted 00:08:12 (5430 turns).

Froggeryz the Cutter (Vampire Gladiator)            Turns: 5430, Time: 00:08:12

Health: -2/58      AC:  5    Str: 15    XL:     8   Next: 55%
Magic:  8/8        EV: 12    Int: 11    God:    Okawaru [**....]
Gold:   263        SH:  0    Dex: 15    Spells: 7/7 levels left

rFire    . . .     SeeInvis +   a - +0 rapier
rCold    . . .     Faith    .   (no shield)
rNeg     . . .     Spirit   .   b - +0 leather armour
rPois    .         Reflect  .   c - +0 helmet
rElec    .         Harm     .   s - +0 cloak
rCorr    .         Rampage  .   (no gloves)
Will     .....                  (no boots)
Stlth    +.........             (no amulet)
HPRegen  0.39/turn              (no ring)
MPRegen  0.11/turn              (no ring)

@: healing quickly
A: alive, fangs 3, see invisible, vampiric 2
a: Exsanguinate, Renounce Religion, Heroism


You were on level 7 of the Dungeon.
You worshipped Okawaru.
Okawaru was pleased with you.
You visited 2 branches of the dungeon, and saw 8 of its levels.

You collected 263 gold pieces.

Inventory:

Hand Weapons
 a - a +0 rapier (weapon)
 w - the +6 broad axe "Ilooton" {flame, rElec rN+++ Stlth+}
   (You found it on level 5 of the Dungeon)

   It has been specially enchanted to burn those struck by it, causing extra
   injury to most foes and up to half again as much damage against particularly
   susceptible opponents.
   Big, fiery blades are also staple armaments of hydra-hunters.
   rElec:     It insulates you from electricity.
   rN:        It renders you almost immune to negative energy.
   Stlth:     It makes you more stealthy.
Missiles
 d - 3 throwing nets
 v - 13 poisoned darts (quivered)
Armour
 b - a +0 leather armour (worn)
 c - a +0 helmet (worn)
 s - a +0 cloak (worn)
 u - a +0 buckler
Wands
 y - a wand of paralysis (3)
Scrolls
 e - 5 scrolls of noise {unknown}
 f - 11 scrolls of identify {unknown}
 g - a scroll of magic mapping {unknown}
 h - 3 scrolls of amnesia {unknown}
 k - 2 scrolls of enchant weapon {unknown}
 m - 2 scrolls of fog {unknown}
 n - 3 scrolls of vulnerability {unknown}
 p - 3 scrolls of teleportation {unknown}
 x - a scroll of blinking
Potions
 i - a potion of lignification {unknown}
 j - 2 potions of berserk rage {unknown}
 l - 2 potions of might {unknown}
 o - a potion of heal wounds {unknown}
 q - a potion of flight {unknown}
 r - 4 potions of degeneration {unknown}
 t - a potion of curing {unknown}


   Skills:
 - Level 3.1 Fighting
 - Level 7.2 Short Blades
 * Level 6.0 Axes
 - Level 1.5 Throwing
 - Level 3.2 Dodging
 + Level 4.5 Shields


You had 7 spell levels left.
You didn't know any spells.
Your spell library contained the following spells:

 Spells                   Type           Power      Damage    Failure   Level
 Ensorcelled Hibernation  Hex/Ice        0%         N/A       54%         2
 Spider Form              Tmut/Pois      0%         N/A       78%         3
 Animate Dead             Necr           0%         N/A       99%         4
 Borgnjor's Vile Clutch   Necr/Erth      0%         N/A       100%        5
 Death Channel            Necr           0%         N/A       100%        6
 Shadow Creatures         Summ           N/A        N/A       100%        6


Dungeon Overview and Level Annotations

Branches:
Dungeon (7/15)             Temple (1/1) D:5

Altars:
Ashenzari
Cheibriados
Dithmenos
Fedhas
Makhleb
Nemelex Xobeh
Okawaru
Ru
Trog
Uskayaw
Wu Jian
Xom
Yredelemnul

Portals:
Abyss: D:6

Annotations:
D:6 2 transporters, exclusion: two-headed ogre, BlueGoblin's ghost, amateur GnAr
D:7 Joseph


Innate Abilities, Weirdness & Mutations

Your natural rate of healing is accelerated.
You have razor-sharp teeth.
You have supernaturally acute eyesight. (SInv)
You are afflicted with vampirism and can become a bat while bloodless.


Message History

You closely miss the scorpion.
The scorpion is lightly wounded.
The scorpion stings you.
You are poisoned.
The scorpion poisons you!
You puncture the scorpion!
The scorpion is heavily wounded.
You feel sick. The scorpion closely misses you.
You hit the scorpion.
The scorpion is almost dead.
You feel sick. The scorpion stings you.
You are too injured to fight recklessly!
You are too injured to fight recklessly!
You are too injured to fight recklessly!
You are too injured to fight recklessly!
You are too injured to fight recklessly!
You feel sick.
You feel sick. The scorpion stings you.
* * * LOW HITPOINT WARNING * * *
You hit the scorpion.
You kill the scorpion!
Okawaru accepts your kill.
You feel sick.
Your Axes skill increases to level 6!
You feel sick.
You feel sick.
You feel sick.
You are no longer poisoned.
A white imp comes into view.
Joseph, a Mercenary comes into view.
He is wielding a +0 quarterstaff and wearing a +3 leather armour of fire resistance.
Joseph shouts!
The white imp gestures at you. The puff of frost misses you.
The white imp gestures at you. The puff of frost hits you!
* * * LOW HITPOINT WARNING * * *
Joseph tries to grin evilly.
Joseph unwields a +0 quarterstaff.
Joseph wields a +0 hunting sling.
Joseph shoots a sling bullet.
The sling bullet hits you!!
You die...

###..#######.#
###
####.#######
#......@.o.#
##.##o#####.#
###.#.#@# #.#
♣P..##..# #@#
#P♣..#.T.# #.#
# ###.#.## #o#
#....@######.#
#............#
#.###.########
... #<# ...
#.# # ..# #...
####


You could see Joseph, a troll and an orc.

Vanquished Creatures
  An ice beast (D:5)
  4 ogres
  2 necrophages (D:6)
  A centaur (D:5)
  A phantom (D:5)
  A bullfrog (D:7)
  2 scorpions
  A water moccasin skeleton (D:4)
  2 howler monkeys (D:7)
  2 centaur zombies (D:6)
  Crazy Yiuf (D:2)
  4 hounds
  An orc priest (D:4)
  2 centaur skeletons
  An orc wizard (D:5)
  A hound skeleton (D:5)
  3 adders
  An ufetubus (D:4)
  3 worms
  2 dart slugs (D:1)
  4 orcs
  9 endoplasms
  4 giant cockroaches
  9 goblins
  10 hobgoblins
  14 jackals
  4 kobolds
  4 quokkas
  8 ball pythons
  6 bats
  3 frilled lizards (D:1)
  4 rats
115 creatures vanquished.

Vanquished Creatures (others)
  2 fungi (D:2)
  30 plants
  10 withered plants (D:1)
42 creatures vanquished.

Grand Total: 157 creatures vanquished

Notes
Turn   | Place    | Note
-------+----------+-------------------------------------------
     0 | D:1      | Froggeryz the Vampire Gladiator began the quest for the
                  | Orb.
     0 | D:1      | Reached XP level 1. HP: 16/16 MP: 1/1
   172 | D:1      | Reached XP level 2. HP: 22/22 MP: 2/2
   209 | D:1      | Reached skill level 4 in Short Blades
   230 | D:1      | Found a faded altar of an unknown god.
   365 | D:1      | Gained mutation: You are afflicted with vampirism and can
                  | become a bat while bloodless. [Vampire growth]
   365 | D:1      | Reached XP level 3. HP: 21/27 MP: 3/3
   942 | D:2      | Reached XP level 4. HP: 34/34 MP: 4/4
  1241 | D:2      | Reached skill level 5 in Short Blades
  1372 | D:2      | Found a runed translucent door.
  1373 | D:2      | Noticed Crazy Yiuf
  1381 | D:2      | Killed Crazy Yiuf
  2365 | D:4      | Reached XP level 5. HP: 35/41 MP: 5/5
  2702 | D:4      | Reached skill level 6 in Short Blades
  3152 | D:5      | Entered Level 5 of the Dungeon
  3167 | D:5      | Reached XP level 6. HP: 19/47 MP: 6/6
  3428 | D:5      | Reached skill level 7 in Short Blades
  3428 | D:5      | Reached skill level 1 in Shields
  3467 | D:5      | Identified the +6 broad axe "Ilooton" {flame, rElec rN+++
                  | Stlth+}
  3502 | D:5      | Reached skill level 1 in Axes
  3587 | D:5      | Noticed an ice beast
  3604 | D:5      | Killed an ice beast
  3605 | D:5      | Reached XP level 7. HP: 52/52 MP: 7/7
  3842 | D:5      | Found a staircase to the Ecumenical Temple.
  3865 | Temple   | Entered the Ecumenical Temple
  3879 | Temple   | Became a worshipper of Warmaster Okawaru
  4701 | D:6      | Noticed a two-headed ogre
  4760 | D:6      | Reached * piety under Okawaru
  4761 | D:6      | Reached XP level 8. HP: 48/58 MP: 8/8
  4858 | D:6      | Found a burning altar of Makhleb.
  4861 | D:6      | Found a blossoming altar of Fedhas.
  4861 | D:6      | Found a snail-covered altar of Cheibriados.
  4863 | D:6      | Found an ornate altar of the Wu Jian Council.
  4864 | D:6      | Found a hide-covered altar of Uskayaw.
  4919 | D:6      | Reached skill level 5 in Axes
  5088 | D:6      | Found a transporter.
  5088 | D:6      | Found a one-way gate to the infinite horrors of the Abyss.
  5089 | D:6      | Noticed a large abomination
  5089 | D:6      | Noticed BlueGoblin's ghost (amateur GnAr)
  5093 | D:6      | Found a transporter.
  5102 | D:6      | Noticed an ancient zyme
  5377 | D:7      | Noticed a troll
  5396 | D:7      | Reached ** piety under Okawaru
  5407 | D:7      | Noticed Joseph
  5430 | D:7      | Shot with a sling bullet by Joseph

Illustrated notes

Levels and vault maps discovered:
D:1:      onia_arrival_handbag, layout_rooms,
          ebering_ecumenical_altar_petrified, minmay_box_of_dots
D:2:      layout_loops_ring, uniq_crazy_yiuf_cottage
D:3:      layout_basic
D:4:      layout_loops_ring
D:5:      layout_loops_cross, minmay_temple_entry_overgrown
D:6:      layout_rooms, grunt_temple_overflow_open,
          gammafunk_ghost_abyssal_escape
D:7:      kennysheep_kobold_camp, layout_loops_ring, minmay_misc_feat_ornament,
          minmay_misc_feat_nine_boxes, uniq_joseph
Temple:   chequers_temple_sunken

Skill      XL: |  1  2  3  4  5  6  7  8 |
---------------+-------------------------+-----
Fighting       | 2 3 |  3.1
Short Blades   | 4 5 6 7 |  7.2
Shields        | 2 3 4 |  4.5
Axes           | 2 4 6 |  6.0
Throwing       | |  1.5
Dodging        | |  3.2

Action                   |  1- 3 |  4- 6 |  7- 9 || total
-------------------------+-------+-------+-------++-------
Melee: Rapier            |   147 |   206 |   137 ||   490
       Bite              |    25 |    15 |    18 ||    58
Throw: Dart              |       |     9 |    16 ||    25
 Stab: Sleeping          |     1 |     1 |       ||     2
Armor: Leather armour    |    45 |    59 |    34 ||   138
Dodge: Dodged            |    79 |   143 |    81 ||   303

Table legend: (Time is in decaauts)
 A = Elapsed time spent in this place.
 B = Non-inter-level travel time spent in this place.
 C = Inter-level travel time spent in this place.
 D = Time resting spent in this place.
 E = Time spent auto-exploring this place.
 F = Levels seen in this place.
 G = Mean time per level.
                   A        B        C        D        E       F      G
               +--------+--------+--------+--------+--------+-----+--------+
         Total |   5394 |   5152 |    242 |    668 |   3384 |   8 |  674.2 |
       Dungeon |   5360 |   5132 |    228 |    668 |   3384 |   7 |  765.7 |
        Temple |     33 |     19 |     14 |      0 |      0 |   1 |   33.0 |
               +--------+--------+--------+--------+--------+-----+--------+

Top non-repeatable levels by time:
     D:4: 1283 daAuts
     D:3: 991 daAuts
     D:5: 826 daAuts
     D:2: 807 daAuts
     D:6: 769 daAuts
     D:1: 594 daAuts
     D:7: 88 daAuts
  Temple: 33 daAuts
